 Dungeon Crawl Stone Soup version 0.29.0-4-gdea44cf6ec (webtiles) character file.

Game seed: 3750781134439696393

30 qw the Sneak (level 3, 0/23 HPs)
             Began as a Gargoyle Delver on Sept 10, 2022.
             Slain by an orc wizard
             ... wielding a +0 dagger
              (1 damage)
             ... on level 5 of the Dungeon.
             The game lasted 00:00:04 (55 turns).

qw the Sneak (Gargoyle Delver)                        Turns: 55, Time: 00:00:04

Health: 0/23       AC:  6    Str: 17    XL:     3   Next: 18%
Magic:  3/3        EV: 11    Int: 10    God:
Gold:   0          SH:  0    Dex: 11    Spells: 2/2 levels left

rFire   . . .      SeeInvis .   a - +0 hand axe
rCold   . . .      Faith    .   (no shield)
rNeg    + . .      Spirit   .   b - +0 leather armour
rPois   inf        Reflect  .   (no helmet)
rElec   +          Harm     .   (no cloak)
rCorr   .          Rampage  .   (no gloves)
Will    .....                   (no boots)
Stlth   +++.......              (no amulet)
HPRegen 0.07/turn               (no ring)
MPRegen 0.08/turn               (no ring)

@: no status effects
A: sickness immunity, AC +3, negative energy resistance 1, electricity
resistance, torment resistance 1, petrification resistance
a: no special abilities


You were on level 5 of the Dungeon.
You visited 1 branch of the dungeon, and saw 1 of its levels.


Innate Abilities, Weirdness & Mutations

You are immune to sickness and miasma.
Your stone body is resilient. (AC +3)
You are immune to poison.
You resist negative energy. (rN+)
You are resistant to electric shocks. (rElec)
You are resistant to unholy torment.
You are immune to petrification.


   Skills:
 - Level 3.2 Fighting
 + Level 3.2 Axes
 - Level 1.5 Dodging
 - Level 5.4 Stealth


You had 2 spell levels left.
You didn't know any spells.
Your spell library was empty.

Inventory:

Hand Weapons
 a - a +0 hand axe (weapon)
Armour
 b - a +0 leather armour (worn)
Wands
 g - a wand of digging (3)
Scrolls
 c - a scroll of fog
 d - a scroll of magic mapping
 e - a scroll of fear
Potions
 f - a potion of haste

Dungeon Overview and Level Annotations

Branches:
Dungeon (5/15)
 Temple: D:4-7

Altars:


Message History

An orc wizard comes into view. It is wielding a +0 dagger.
38 ||| Stepping ~*~*~tactically~*~*~ (hiding).
The orc shouts!
You hear a shout! x2
40 ||| Stepping ~*~*~tactically~*~*~ (hiding).
You closely miss the orc. The orc hits you but does no damage.
You slash the orc!
You kill the orc!
48 ||| Stepping ~*~*~tactically~*~*~ (hiding).
The orc wizard shouts!
The orc wizard gestures wildly while chanting.
The orc wizard flickers and vanishes!
Deactivating autopickup; reactivate with Ctrl-A.
You see here a +0 dagger.
You barely miss the orc wizard.
The orc wizard hits you with a +0 dagger.
You barely miss the orc wizard. You hit the orc wizard.
The orc wizard is moderately wounded.
You hit something.
The orc wizard hits you but does no damage.
Something hits you.
You hit the orc wizard but do no damage.
The orc wizard is moderately wounded.
You miss something.
The orc wizard hits you but does no damage.
Something hits you but does no damage.
You hit the orc wizard.
You punch the orc wizard, but do no damage.
The orc wizard is severely wounded.
You miss something.
The orc wizard hits you with a +0 dagger.
Something hits you but does no damage.
You closely miss the orc wizard.
The orc wizard is severely wounded.
You miss something.
The orc wizard hits you with a +0 dagger.
Something hits you but does no damage. The orc wizard barely misses you.
Something hits you.
You die...

....... ...o.
....... ......
....... ......
....... ......
....... ###......
......#+#......# ##
.####...........##.#
........o.$........#
#####...@..........#
.....###..........
#.!... #..........
#.... #.....#+##
#.... ##....# #...
#.#>.# o...
#.##....... #.#
##.#### #.# .#


You could see an orc wizard.

Vanquished Creatures
  A jelly (D:5)
  An orc (D:5)
2 creatures vanquished.

Notes
Turn   | Place    | Note
-------+----------+-------------------------------------------
     0 | D:5      | qw the Gargoyle Delver began the quest for the Orb.
     0 | D:5      | Reached XP level 1. HP: 14/14 MP: 1/1
     0 | D:5      | 0 ||| qw: Version: 0.1-a-117-gfe26ee0
     0 | D:5      | 0 ||| qw: Game counter: 9745
     0 | D:5      | 0 ||| qw: Always use a shield: true
     0 | D:5      | 0 ||| qw: God list: Okawaru
     0 | D:5      | 0 ||| qw: Allow faded altars: false
     0 | D:5      | 0 ||| qw: Do Orc after D:15 true
     0 | D:5      | 0 ||| qw: Do second Lair branch before Depths: true
     0 | D:5      | 0 ||| qw: Lair rune preference: random
     0 | D:5      | 0 ||| qw: Plans: Normal
     0 | D:5      | 0 ||| PLANNING D:1-11
     5 | D:5      | Noticed a jelly
    15 | D:5      | HP: 3/14 [acid (1)]
    16 | D:5      | Killed a jelly
    17 | D:5      | Reached skill level 3 in Axes
    17 | D:5      | Reached XP level 2. HP: 5/19 MP: 2/2
    17 | D:5      | Reached XP level 3. HP: 6/23 MP: 3/3
    27 | D:5      | 27 ||| Stepping ~*~*~tactically~*~*~ (stealth).
    36 | D:5      | 36 ||| Stepping ~*~*~tactically~*~*~ (stealth).
    38 | D:5      | 38 ||| Stepping ~*~*~tactically~*~*~ (hiding).
    40 | D:5      | 40 ||| Stepping ~*~*~tactically~*~*~ (hiding).
    48 | D:5      | 48 ||| Stepping ~*~*~tactically~*~*~ (hiding).
    52 | D:5      | HP: 4/23 [something (3)]
    55 | D:5      | HP: 1/23 [orc wizard/+0 dagger (2)]
    55 | D:5      | Slain by an orc wizard

Levels and vault maps discovered:
D:5:      layout_basic, grunt_temple_overflow_order_and_chaos_2,
          mainiacjoe_overflow_brackets

Skill      XL: |  1 |
---------------+----+-----
Axes           | 3 |  3.2
Fighting       | |  3.2
Dodging        | |  1.5
Stealth        | |  5.4

Action                   || total
-------------------------++-------
Melee: Hand axe          ||    13
       Punch             ||     1
Armor: Leather armour    ||     7
Dodge: Dodged            ||     4

Table legend:
 A = Non-vault XP
 B = Vault XP
 C = Vault XP percentage of total XP
 D = Non-vault monster count
 E = Vault monster count
 F = Vault count percentage of total count
                 A         B        C        D         E       F
            +---------+---------+-------+---------+---------+-------
      Total |      43 |       0 |   0.0 |       2 |       0 |   0.0
            +---------+---------+-------+---------+---------+-------
        D:5 |      43 |       0 |   0.0 |       2 |       0 |   0.0
            +---------+---------+-------+---------+---------+-------
